 Dungeon Crawl Stone Soup version 0.24-a0-446-g87df7205b4 (webtiles) character file.

Game seed: 14391932039181017900

189 Krouwed the Grave Robber (level 6, -9/44 HPs)
             Began as a Human Necromancer on June 23, 2019.
             Killed by nerve-wracking pain
             ... invoked by Grinder
              (12 damage)
             ... while paralysed by Grinder
             ... on level 3 of the Dungeon.
             The game lasted 00:13:41 (3370 turns).

Krouwed the Grave Robber (Human Necromancer)        Turns: 3370, Time: 00:13:42

Health: -9/44      AC:  6    Str: 10    XL:     6   Next: 0%
Magic:  10/10      EV:  2    Int: 16    God:
Gold:   246        SH:  0    Dex: 13    Spells: 1/10 levels left

rFire    . . .     SeeInvis .   g - +2 whip
rCold    . . .     Gourm    .   (no shield)
rNeg     . . .     Faith    .   i - +0 ring mail
rPois    .         Spirit   .   (no helmet)
rElec    .         Reflect  .   (no cloak)
rCorr    .         Harm     .   (no gloves)
MR       .....                  h - +0 pair of boots
Stlth    +.........             (no amulet)
HPRegen  0.14/turn              (no ring)
MPRegen  0.12/turn              (no ring)

@: paralysed
A: no striking features
a: no special abilities


You were on level 3 of the Dungeon.
You were not hungry.

You visited 1 branch of the dungeon, and saw 3 of its levels.

You collected 246 gold pieces.

Inventory:

Hand Weapons
 g - a +2 whip (weapon)
Missiles
 m - 6 poisoned darts (quivered)
Armour
 h - a +0 pair of boots (worn)
 i - a +0 ring mail (worn)
Scrolls
 d - a scroll of fear {unknown}
 e - a scroll of identify
 p - a scroll of remove curse {unknown}
 q - a scroll of fog {unknown}
Comestibles
 b - 2 chunks of flesh
 c - 5 rations


   Skills:
 + Level 2.0 Fighting
 + Level 1.9 Maces & Flails
 + Level 1.1 Armour
 - Level 2.0 Dodging
 - Level 2.0 Stealth
 + Level 2.8 Spellcasting
 * Level 5.2 Necromancy


You had one spell level left.
You knew the following spells:

 Your Spells              Type           Power        Failure   Level  Hunger
a - Pain                  Necr           ###.         5%          1    #......
b - Animate Skeleton      Necr           N/A          5%          1    #......
c - Vampiric Draining     Necr           ###.......   17%         3    ###....
d - Animate Dead          Necr           N/A          50%         4    #####..

Your spell library contained the following spells:

 Spells                   Type           Power        Failure   Level  Hunger
 Corona                   Hex            #......      43%         1    #......
 Regeneration             Chrm/Necr      ##........   45%         3    ###....
 Ensorcelled Hibernation  Hex/Ice        #.....       58%         2    ##.....
 Confuse                  Hex            #.......     82%         3    ###....
 Dazzling Spray           Conj/Hex       #.....       82%         3    ###....
 Tukima's Dance           Hex            #.......     82%         3    ###....


Dungeon Overview and Level Annotations

Branches:
Dungeon (3/15)

Altars:
Qazlal
Vehumet

Annotations:
D:3 Grinder


Message History

Grinder blinks!
Throwing (i - inventory)
m - 8 poisoned darts (quivered)
Press: ? - help, Shift-Dir - straight line, f/p - Grinder
Aim: Grinder (severely wounded)
You throw a poisoned dart.
The poisoned dart barely misses Grinder.
Throwing (i - inventory)
m - 7 poisoned darts (quivered)
Press: ? - help, Shift-Dir - straight line, f/p - Grinder
Aim: Grinder (severely wounded)
You throw a poisoned dart.
The poisoned dart closely misses Grinder.
Grinder gestures at you.
You suddenly lose the ability to move!
Grinder hits you.
* * * LOW HITPOINT WARNING * * *
You writhe in agony.
* * * LOW HITPOINT WARNING * * *
Grinder gestures at you. Pain shoots through your body!
You die...

#....(........# #
#..###..#.##..# # ##..#
#..#.##..# . ...# #..#.##รท.#
... ..###.###..#(##(.## ..(
...........(.....# #.##
............##...#####
#.##.####.##..#...........#
#.##.#.....@5.##.##...###.# .
###.##.......#.###.##.......#
..##...####.##.............##..#
............#####.###.##.#.##..#
#.##<######## #.# #.##.#.##..#
......# #.###)#....##..#
#......# #..>.......##..##
......... ........#...###..##
.......### ##########.## #..#.


You could see Grinder.

Vanquished Creatures
  An orc priest (D:3)
  An orc wizard (D:3)
  Jessica (D:3)
  Terence (D:3)
  An adder (D:2)
  An ooze (D:1)
  3 leopard geckos
  4 orcs (D:3)
  3 ball pythons (D:1)
  11 bats
  2 giant cockroaches
  4 goblins
  5 hobgoblins
  5 jackals
  2 quokkas (D:3)
  A frilled lizard (D:2)
  4 kobolds
  2 rats
52 creatures vanquished.

Vanquished Creatures (collateral kills)
  A worm (D:2)
  2 goblins
3 creatures vanquished.

Grand Total: 55 creatures vanquished

Notes
Turn   | Place    | Note
-------+----------+-------------------------------------------
     0 | D:1      | Krouwed the Human Necromancer began the quest for the Orb.
     0 | D:1      | Reached XP level 1. HP: 13/13 MP: 3/3
    56 | D:1      | Learned a level 1 spell: Animate Skeleton
   215 | D:1      | Reached XP level 2. HP: 14/20 MP: 3/5
  1111 | D:1      | Reached XP level 3. HP: 23/25 MP: 2/6
  1116 | D:1      | Learned a level 3 spell: Vampiric Draining
  1352 | D:2      | Reached skill level 1 in Fighting
  1741 | D:2      | Reached skill level 1 in Maces & Flails
  2085 | D:2      | Reached XP level 4. HP: 32/32 MP: 7/7
  2188 | D:2      | Found a stormy altar of Qazlal.
  2189 | D:2      | Noticed an earth elemental
  2191 | D:2      | Noticed an air elemental
  2191 | D:2      | Noticed a fire elemental
  2191 | D:2      | Noticed a water elemental
  2382 | D:3      | Reached XP level 5. HP: 8/38 MP: 4/8
  2722 | D:3      | Found a radiant altar of Vehumet.
  2758 | D:3      | Noticed Terence
  2770 | D:3      | Killed Terence
  2770 | D:3      | Reached skill level 1 in Armour
  2770 | D:3      | Reached skill level 5 in Necromancy
  2867 | D:3      | Noticed Jessica
  2875 | D:3      | Killed Jessica
  2925 | D:3      | HP: 1/38 [poisoned by a kobold]
  3117 | D:3      | Learned a level 4 spell: Animate Dead
  3224 | D:3      | Reached XP level 6. HP: 44/44 MP: 10/10
  3302 | D:3      | Noticed Grinder
  3367 | D:3      | Paralysed by Grinder for 6 turns
  3370 | D:3      | Killed from afar by Grinder

Levels and vault maps discovered:
D:1:      dpeg_arrival_rooms_c, layout_basic
D:2:      layout_rooms, nicolae_qazlal_style_of_elements, first_ration
D:3:      layout_loops_ring, nicolae_overflow_crystal_walls,
          kennysheep_generic_room_16, uniq_terence, uniq_grinder, uniq_jessica

Skill      XL: |  1  2  3  4  5 |
---------------+----------------+-----
Fighting       | 1 2 |  2.0
Maces & Flails | 1 |  1.9
Armour         | 1 |  1.1
Necromancy     | 5 |  5.2
Dodging        | |  2.0
Stealth        | |  2.0
Spellcasting   | |  2.8

Action                   |  1- 3 |  4- 6 || total
-------------------------+-------+-------++-------
Melee: Whip              |    99 |    19 ||   118
       Short sword       |    13 |    70 ||    83
Throw: Dart              |     4 |    12 ||    16
 Cast: Pain              |    18 |     1 ||    19
       Animate Skeleton  |    16 |     6 ||    22
       Vampiric Draining |     1 |     3 ||     4
  Use: Potion            |     1 |     6 ||     7
       Scroll            |       |     6 ||     6
 Stab: Sleeping          |     2 |     1 ||     3
  Eat: Chunk             |     1 |     5 ||     6
       Ration            |     1 |       ||     1
Armor: Leather armour    |     6 |       ||     6
       Ring mail         |    60 |    45 ||   105
Dodge: Dodged            |    77 |    67 ||   144

Table legend:
 A = Non-vault XP
 B = Vault XP
 C = Vault XP percentage of total XP
 D = Non-vault monster count
 E = Vault monster count
 F = Vault count percentage of total count
                 A         B        C        D         E       F
            +---------+---------+-------+---------+---------+-------
      Total |     192 |      79 |  29.2 |      50 |       5 |   9.1
            +---------+---------+-------+---------+---------+-------
        D:1 |      29 |       0 |   0.0 |      15 |       0 |   0.0
        D:2 |      42 |       0 |   0.0 |      15 |       0 |   0.0
        D:3 |     121 |      79 |  39.5 |      20 |       5 |  20.0
            +---------+---------+-------+---------+---------+-------
